[Event "ICC tourney 2927 (40 10)"]
[Site "Internet Chess Club"]
[Date "2022.06.04"]
[Round "1"]
[White "KANTEM, SAMANVI:samanvikantem"]
[Black "ANGELCHIK, JACOB:t105mm"]
[Result "0-1"]
[ICCResult "White checkmated"]
[WhiteElo "1020"]
[BlackElo "1279"]
[Opening "Sicilian"]
[ECO "B50"]
[NIC "SI.01"]
[Time "11:00:18"]
[PlyCount "30"]
[TimeControl "2400+10"]

1. e4 c5 2. Nf3 d6 3. Bc4 Nf6 4. Nc3 e6 5. d4 cxd4 6. Qxd4 Nc6 7. Qd1 Be7 8.
Be3 Qa5 9. O-O O-O 10. Qd3 Qh5 11. Ne2 Rd8 12. Bd2 Ne5 13. Nxe5 dxe5 14. Qe3
Ng4 15. Qc3 Qxh2# {White checkmated} 0-1

[Event "ICC tourney 2927 (40 10)"]
[Site "Internet Chess Club"]
[Date "2022.06.04"]
[Round "1"]
[White "ADUSUMALLI, ANIRUDH SAI:Anichess2009"]
[Black "WADHWA, ANANYA:Dollmuseum"]
[Result "0-1"]
[ICCResult "White resigns"]
[WhiteElo "1070"]
[BlackElo "1289"]
[Opening "Sicilian"]
[ECO "B50"]
[NIC "SI.01"]
[Time "11:01:12"]
[PlyCount "54"]
[TimeControl "2400+10"]

1. e4 c5 2. Nf3 d6 3. Nc3 g6 4. b3 Bg7 5. Bb2 Nf6 6. d3 O-O 7. Qd2 Nc6 8.
Nd5 Nxe4 9. Qc1 Bxb2 10. Qxb2 Nf6 11. Nxf6+ exf6 12. Be2 Re8 13. c4 Bg4 14.
O-O Qe7 15. Bd1 Bxf3 16. Bxf3 Nd4 17. Bd5 Qe5 18. Qd2 Qh5 19. f3 Re5 20.
Rae1 Rae8 21. Rxe5 Qxe5 22. Bxb7 Ne2+ 23. Kh1 Qh5 24. Re1 Qe5 25. Be4 Nd4
26. Kg1 f5 27. f4 Qe7 {White resigns} 0-1

[Event "ICC tourney 2927 (40 10)"]
[Site "Internet Chess Club"]
[Date "2022.06.04"]
[Round "1"]
[White "QIAO, RICHARDSON JINGSI:Richardsonqiao"]
[Black "MADSEN, STUART:gmstuartscott"]
[Result "1-0"]
[ICCResult "Black resigns"]
[WhiteElo "1257"]
[BlackElo "718"]
[Opening "Queen's pawn, Mason variation"]
[ECO "D00"]
[NIC "QP.08"]
[Time "11:00:23"]
[PlyCount "89"]
[TimeControl "2400+10"]

1. d4 d5 2. Bf4 Nc6 3. e3 Nf6 4. Nf3 Bd7 5. c3 e6 6. Bd3 Be7 7. Nbd2 O-O 8.
O-O a6 9. a4 Na5 10. b4 Nc6 11. Qc2 Ng4 12. Bxh7+ Kh8 13. Bd3 f5 14. h3 Nf6
15. Ne5 Be8 16. Nxc6 Bxc6 17. f3 Bd6 18. Bxd6 Qxd6 19. e4 dxe4 20. fxe4 fxe4
21. Nxe4 Nxe4 22. Bxe4 Bxe4 23. Qxe4 c6 24. Rae1 Rae8 25. Qh4+ Kg8 26. Qg4
Rxf1+ 27. Rxf1 Qe7 28. Re1 Qf7 29. Qf3 Qg6 30. Qe4 Qf6 31. Qe5 Qf7 32. c4
Qe7 33. Qc5 Qf6 34. d5 cxd5 35. cxd5 e5 36. d6 e4 37. Qd5+ Kh8 38. d7 Rf8
39. Qxe4 b6 40. Qe8 Qd4+ 41. Kh1 Qxb4 42. Qxf8+ Qxf8 43. Re8 Qg8 44. Rxg8+
Kxg8 45. d8=Q+ {Black resigns} 1-0

[Event "ICC tourney 2927 (40 10)"]
[Site "Internet Chess Club"]
[Date "2022.06.04"]
[Round "1"]
[White "SCHROMBECK, JON A:Gm374"]
[Black "LODH, ANJALI:ChessHawk8"]
[Result "0-1"]
[ICCResult "White resigns"]
[WhiteElo "1159"]
[BlackElo "1473"]
[Opening "Queen's pawn, Mason variation"]
[ECO "D00"]
[NIC "QP.08"]
[Time "11:00:17"]
[PlyCount "72"]
[TimeControl "2400+10"]

1. d4 d5 2. Bf4 Nf6 3. e3 Bf5 4. c4 c6 5. Nc3 e6 6. a3 Be7 7. Nf3 h6 8. Bd3
Bxd3 9. Qxd3 Nbd7 10. cxd5 Nxd5 11. Nxd5 cxd5 12. O-O O-O 13. e4 dxe4 14.
Qxe4 Qb6 15. Rab1 Nf6 16. Qd3 Nd5 17. Bd2 Rfd8 18. Rfd1 Bf6 19. g3 Ne7 20.
Be3 Nf5 21. g4 Nxe3 22. fxe3 Rac8 23. Kf2 Rd5 24. e4 Rb5 25. b4 e5 26. Ke2
exd4 27. Rb3 Qc6 28. Rd2 Re8 29. a4 Rxe4+ 30. Kd1 Rb6 31. Nxd4 Rxd4 32. Qf5
Rxd2+ 33. Kxd2 Qg2+ 34. Ke3 Re6+ 35. Kf4 g5+ 36. Qxg5+ Bxg5+ {White resigns}
0-1

[Event "ICC tourney 2927 (40 10)"]
[Site "Internet Chess Club"]
[Date "2022.06.04"]
[Round "1"]
[White "LIU, BRYAN:coolcoolsugar"]
[Black "ANAND VISWANATHAN:EmergingStar"]
[Result "0-1"]
[ICCResult "White checkmated"]
[WhiteElo "1284"]
[BlackElo "1023"]
[Opening "Philidor: exchange variation"]
[ECO "C41"]
[NIC "KP.08"]
[Time "11:00:21"]
[PlyCount "86"]
[TimeControl "2400+10"]

1. e4 e5 2. Nf3 d6 3. d4 exd4 4. Nxd4 Nf6 5. Nc3 Be7 6. Be2 O-O 7. O-O c5 8.
Nb3 Be6 9. Nd5 Nxe4 10. Bf3 f5 11. g4 Nc6 12. gxf5 Bxf5 13. Bf4 Bg5 14. Bxe4
Bxf4 15. Nxf4 Bxe4 16. Ne6 Qf6 17. Qg4 Bf3 18. Qh3 Qg6+ 19. Qg3 Qxe6 20.
Rfe1 Qg4 21. Qxg4 Bxg4 22. h4 Rf6 23. Re4 Bf5 24. Re2 Nd4 25. Nxd4 cxd4 26.
Re7 Bxc2 27. Rxb7 Rg6+ 28. Kf1 Bd3+ 29. Ke1 Rg1+ 30. Kd2 Rxa1 31. Kxd3 Rd1+
32. Ke2 Rh1 33. Kd3 Rxh4 34. b4 Rf8 35. b5 Rxf2 36. Rxa7 Rf3+ 37. Kc4 d3+
38. Kd5 d2 39. b6 d1=Q+ 40. Kc6 Rc3+ 41. Kb7 Qf3+ 42. Kb8 Qf8+ 43. Kb7 Qc8#
{White checkmated}
0-1

[Event "ICC tourney 2927 (40 10)"]
[Site "Internet Chess Club"]
[Date "2022.06.04"]
[Round "1"]
[White "Wang, Chase:chensix"]
[Black "ZADAVYSVICHKO, MAKSYM:Nani123"]
[Result "0-1"]
[ICCResult "White checkmated"]
[WhiteElo "577"]
[BlackElo "1223"]
[Opening "Scandinavian (center counter) defense"]
[ECO "B01"]
[NIC "VO.17"]
[Time "11:00:18"]
[PlyCount "74"]
[TimeControl "2400+10"]

1. e4 d5 2. Nc3 d4 3. Nce2 e5 4. Nf3 Nc6 5. d3 Bg4 6. Ng3 f6 7. h3 Bb4+ 8.
Bd2 Bxd2+ 9. Qxd2 Bxf3 10. gxf3 Nge7 11. O-O-O Ng6 12. Nf5 Qd7 13. h4 Nf4
14. h5 O-O-O 15. Kb1 Kb8 16. c3 dxc3 17. Qxc3 Nd4 18. Nxd4 Qxd4 19. Qxd4
Rxd4 20. Kc2 Rhd8 21. Kc3 c5 22. b3 b5 23. a3 c4 24. bxc4 bxc4 25. Rb1+ Kc7
26. dxc4 Rd2 27. Rh2 Rd1 28. Rxd1 Rxd1 29. Bg2 Rd3+ 30. Kb4 Rd4 31. Kb5 Rd3
32. a4 Rb3+ 33. Ka5 a6 34. Kxa6 Rb4 35. a5 Rb7 36. Bf1 Ne6 37. c5 Nxc5#
{White checkmated}
0-1

[Event "ICC tourney 2927 (40 10)"]
[Site "Internet Chess Club"]
[Date "2022.06.04"]
[Round "1"]
[White "KARATZANOS, KONSTANTINOS:Nemo-1972"]
[Black "WESLEY, GEORGE:Maglars"]
[Result "0-1"]
[ICCResult "White resigns"]
[WhiteElo "1400"]
[BlackElo "1084"]
[Opening "Scandinavian (center counter) defense"]
[ECO "B01"]
[NIC "SD.01"]
[Time "11:01:12"]
[PlyCount "116"]
[TimeControl "2400+10"]

1. e4 d5 2. exd5 Qxd5 3. Nc3 Qa5 4. d4 Nf6 5. Be2 Bf5 6. Bd2 c6 7. Nf3 e6 8.
O-O Bd6 9. Ne4 Qd8 10. Ng3 Bxg3 11. fxg3 O-O 12. Nh4 Qxd4+ 13. Kh1 Be4 14.
Bc3 Qxd1 15. Bxd1 Nbd7 16. Re1 Bd5 17. Bf3 Bxf3 18. gxf3 Rad8 19. Ng2 Nd5
20. Bd2 Rfe8 21. Ne3 N5f6 22. Rad1 Ne5 23. Kg2 Rd7 24. Bc3 Rxd1 25. Rxd1
Ned7 26. Nc4 Nd5 27. Bd2 Rd8 28. Ne3 b5 29. Nxd5 cxd5 30. Kf2 Ne5 31. Be3 a5
32. b3 Rc8 33. Rd2 g6 34. Bd4 Nc6 35. Ke3 f5 36. f4 Re8 37. c3 Kf7 38. Rc2
Ke7 39. Kd3 Kd6 40. c4 Nb4+ 41. Kd2 Nxc2 42. Kxc2 dxc4 43. bxc4 bxc4 44. Kc3
Kd5 45. Be5 Rc8 46. a4 Ke4 47. Kd2 Kf3 48. Bc3 Kg2 49. Bxa5 Kxh2 50. Bc3
Kxg3 51. a5 Ra8 52. Ke3 h5 53. Kd4 Rc8 54. a6 Ra8 55. Kxc4 Rxa6 56. Be5 Ra4+
57. Kd3 Rxf4 58. Bxf4+ Kxf4 {White resigns} 0-1

[Event "ICC tourney 2927 (40 10)"]
[Site "Internet Chess Club"]
[Date "2022.06.04"]
[Round "1"]
[White "ANGEL, BORYS:BArkadia"]
[Black "Agahian, Ryan:AgahianR"]
[Result "1-0"]
[ICCResult "Black checkmated"]
[WhiteElo "1407"]
[BlackElo "1137"]
[Opening "Sicilian: dragon, classical attack"]
[ECO "B72"]
[NIC "SI.15"]
[Time "11:00:17"]
[PlyCount "109"]
[TimeControl "2400+10"]

1. e4 c5 2. Nf3 d6 3. d4 cxd4 4. Nxd4 Nf6 5. Nc3 g6 6. Be2 Bg7 7. Be3 a6 8.
a4 O-O 9. h3 Nc6 10. O-O Bd7 11. f4 e5 12. Nb3 Qc7 13. a5 exf4 14. Bb6 Qc8
15. Qxd6 g5 16. Nc5 Bxh3 17. Nxb7 Qxb7 18. gxh3 Rfe8 19. Bf3 Ne5 20. Bg2 f3
21. Bxf3 Nxf3+ 22. Rxf3 Nxe4 23. Nxe4 Qxe4 24. Raf1 Re6 25. Qg3 Bd4+ 26.
Bxd4 Qxd4+ 27. Kh1 f6 28. Qg4 Qxg4 29. hxg4 Kg7 30. Kg2 Rb8 31. b3 Rd8 32.
R1f2 Rh8 33. Rc3 h5 34. Rc7+ Kg6 35. gxh5+ Rxh5 36. c4 Rh7 37. Rxh7 Kxh7 38.
Kf3 Kg7 39. b4 Re5 40. Rb2 Kf7 41. b5 axb5 42. cxb5 Re8 43. b6 Rb8 44. a6
Ke7 45. b7 Kd7 46. a7 g4+ 47. Kxg4 f5+ 48. Kf4 Rg8 49. b8=Q Rg4+ 50. Kxf5
Rg7 51. a8=Q Rf7+ 52. Ke5 Re7+ 53. Kd5 Re5+ 54. Kxe5 Ke7 55. Qab7#
{Black checkmated}
1-0

[Event "ICC tourney 2927 (40 10)"]
[Site "Internet Chess Club"]
[Date "2022.06.04"]
[Round "1"]
[White "ZHOU, ALEXANDER ZHENG:Lailaiking"]
[Black "SCHWARTZ, DOUGLAS S:Douglas1"]
[Result "1-0"]
[ICCResult "Black resigns"]
[WhiteElo "1105"]
[BlackElo "1402"]
[Opening "Sicilian: Taimanov variation"]
[ECO "B48"]
[NIC "SI.40"]
[Time "11:00:20"]
[PlyCount "131"]
[TimeControl "2400+10"]

1. e4 c5 2. Nf3 e6 3. d4 cxd4 4. Nxd4 Nc6 5. Nc3 Qc7 6. Be3 a6 7. Bd3 Be7 8.
a3 Nf6 9. f3 b5 10. Qd2 Bb7 11. O-O Nxd4 12. Bxd4 Bc5 13. Bxc5 Qxc5+ 14. Qf2
Qxf2+ 15. Kxf2 O-O 16. h3 Rac8 17. Rfe1 h5 18. e5 Nd5 19. Nxd5 Bxd5 20. Rac1
Rc7 21. Be4 Rfc8 22. c3 Bxe4 23. Rxe4 Kf8 24. Rd1 Ke7 25. Rd6 Rc6 26. Red4
Rxd6 27. Rxd6 Rc6 28. Rxc6 dxc6 29. Ke3 c5 30. b4 cxb4 31. cxb4 Kd7 32. Kd4
Kc6 33. f4 f5 34. exf6 gxf6 35. g4 hxg4 36. hxg4 Kd6 37. Ke4 Ke7 38. g5 Kf7
39. Kd4 Kg6 40. gxf6 Kxf6 41. Kc5 Kf5 42. Kd6 Kf6 43. Kd7 Kf7 44. Kc6 Kf6
45. Kd6 Kf7 46. Kc6 Kf6 47. Kc5 Kf5 48. Kd6 Kf6 49. Kd7 Kf7 50. Kd8 Kf8 51.
Kc7 Kf7 52. Kd7 Kf6 53. Ke8 e5 54. fxe5+ Kxe5 55. Kd7 Kd5 56. Kc7 Kc4 57.
Kb6 Kb3 58. Kxa6 Ka4 59. Kb6 Kxa3 60. Kxb5 Kb3 61. Kc5 Ka4 62. b5 Ka5 63.
Kc6 Kb4 64. b6 Kc4 65. b7 Kd4 66. b8=Q {Black resigns} 1-0

[Event "ICC tourney 2927 (40 10)"]
[Site "Internet Chess Club"]
[Date "2022.06.04"]
[Round "2"]
[White "HESS, KARL ALAN:Khess33"]
[Black "BHARDWAJ, ARYAMAN:K03-17148228"]
[Result "1-0"]
[ICCResult "Black resigns"]
[WhiteElo "1364"]
[BlackElo "484"]
[Opening "Giuoco Piano: four knights variation"]
[ECO "C50"]
[NIC "IG.02"]
[Time "13:15:10"]
[PlyCount "58"]
[TimeControl "2400+10"]

1. e4 e5 2. Nf3 Nc6 3. Bc4 Bc5 4. Nc3 Nf6 5. O-O O-O 6. Re1 d6 7. a3 Bg4 8.
Be2 Nd4 9. b4 Bb6 10. d3 h6 11. Be3 Nxe2+ 12. Qxe2 Bd4 13. Bxd4 exd4 14. Nd1
Nd7 15. h3 Bh5 16. g4 Bg6 17. Nxd4 Ne5 18. Ne3 c5 19. bxc5 dxc5 20. Nf3
Nxf3+ 21. Qxf3 Re8 22. Nd5 h5 23. Nf4 hxg4 24. Qxg4 Bh7 25. Kh2 Qf6 26. f3
Re5 27. Rg1 Rg5 28. Qxg5 Qxg5 29. Rxg5 f6 {Black resigns} 1-0

[Event "ICC tourney 2927 (40 10)"]
[Site "Internet Chess Club"]
[Date "2022.06.04"]
[Round "2"]
[White "KANTEM, SAMANVI:samanvikantem"]
[Black "KARATZANOS, KONSTANTINOS:Nemo-1972"]
[Result "1-0"]
[ICCResult "Black resigns"]
[WhiteElo "1020"]
[BlackElo "1400"]
[Opening "Sicilian defense"]
[ECO "B30"]
[NIC "SI.31"]
[Time "13:16:01"]
[PlyCount "113"]
[TimeControl "2400+10"]

1. e4 c5 2. Nf3 Nc6 3. Bc4 e6 4. Nc3 a6 5. a4 b6 6. O-O Bb7 7. d4 cxd4 8.
Nxd4 Nxd4 9. Qxd4 d6 10. Be3 e5 11. Qxb6 Qxb6 12. Bxb6 Nf6 13. Bd5 Nxd5 14.
Nxd5 Rc8 15. c3 Kd7 16. a5 Be7 17. Nxe7 Kxe7 18. f3 f6 19. Rad1 Ke6 20. Rd2
Rc6 21. Rfd1 g6 22. Kf2 Rf8 23. h3 Rf7 24. g4 Rd7 25. h4 Rc8 26. Ke3 d5 27.
exd5+ Rxd5 28. Rxd5 Bxd5 29. f4 exf4+ 30. Kxf4 Kf7 31. Rxd5 Ke6 32. Rd4 Rf8
33. Rd8 Rf7 34. Ra8 f5 35. g5 Kd5 36. Rxa6 Re7 37. Kf3 Re4 38. Bd4 Rxh4 39.
Rb6 Rg4 40. Bf6 Kc5 41. Rb4 Kc6 42. Rxg4 fxg4+ 43. Kxg4 Kb5 44. b4 Ka6 45.
Bd8 Kb7 46. b5 Kc8 47. Bb6 Kb7 48. c4 Kc8 49. a6 Kb8 50. c5 Kc8 51. c6 Kb8
52. c7+ Kc8 53. a7 Kb7 54. c8=Q+ Kxc8 55. a8=Q+ Kd7 56. Qd5+ Ke8 57. Bc5
{Black resigns}
1-0

[Event "ICC tourney 2927 (40 10)"]
[Site "Internet Chess Club"]
[Date "2022.06.04"]
[Round "2"]
[White "MADSEN, STUART:gmstuartscott"]
[Black "LIU, BRYAN:coolcoolsugar"]
[Result "0-1"]
[ICCResult "White resigns"]
[WhiteElo "718"]
[BlackElo "1284"]
[Opening "QGD Slav: 3.Nf3"]
[ECO "D11"]
[NIC "SL.01"]
[Time "13:15:17"]
[PlyCount "70"]
[TimeControl "2400+10"]

1. d4 d5 2. c4 c6 3. Nf3 Nf6 4. Bf4 dxc4 5. Nc3 Bf5 6. e3 b5 7. a4 b4 8. Nb1
e6 9. Bxc4 Be7 10. Nbd2 Nbd7 11. Nb3 O-O 12. O-O Qb6 13. a5 Qb7 14. Nfd2 c5
15. f3 Rac8 16. e4 Bg6 17. e5 Nd5 18. Bxd5 exd5 19. Rc1 Bd3 20. Re1 c4 21.
e6 fxe6 22. Rxe6 cxb3 23. Nxb3 Bc4 24. Nc5 Nxc5 25. Rxc4 dxc4 26. dxc5 Bxc5+
27. Kh1 Rxf4 28. Qe1 Rff8 29. Qe5 Rcd8 30. h3 Qb8 31. Qxc5 Rd1+ 32. Re1
Rxe1+ 33. Qg1 Rxg1+ 34. Kxg1 c3 35. bxc3 bxc3 {White resigns} 0-1

[Event "ICC tourney 2927 (40 10)"]
[Site "Internet Chess Club"]
[Date "2022.06.04"]
[Round "2"]
[White "WESLEY, GEORGE:Maglars"]
[Black "ANGEL, BORYS:BArkadia"]
[Result "0-1"]
[ICCResult "White checkmated"]
[WhiteElo "1084"]
[BlackElo "1407"]
[Opening "English opening"]
[ECO "A16"]
[NIC "EO.64"]
[Time "13:15:09"]
[PlyCount "70"]
[TimeControl "2400+10"]

1. c4 Nf6 2. Nc3 d6 3. g3 g6 4. Bg2 Bg7 5. e3 c6 6. d4 Nbd7 7. Nf3 Qc7 8.
O-O O-O 9. e4 e5 10. Re1 exd4 11. Nxd4 Re8 12. Bf4 Nh5 13. Bg5 Qb6 14. Nb3
a5 15. Qxd6 a4 16. Be3 Qd8 17. Qa3 Bf8 18. c5 Ne5 19. Nxa4 Nc4 20. Qb4 Nxe3
21. Rxe3 Bh6 22. Rf3 Bg4 23. Rc3 Qc8 24. Nb6 Qe6 25. Nxa8 Rxa8 26. Qxb7 Rd8
27. f3 Bh3 28. Bxh3 Qxh3 29. Qxc6 Nxg3 30. hxg3 Qxg3+ 31. Kf1 Qh3+ 32. Ke1
Qh1+ 33. Ke2 Qg2+ 34. Ke1 Bf4 35. Qf6 Bg3# {White checkmated} 0-1

[Event "ICC tourney 2927 (40 10)"]
[Site "Internet Chess Club"]
[Date "2022.06.04"]
[Round "2"]
[White "LODH, ANJALI:ChessHawk8"]
[Black "ZADAVYSVICHKO, MAKSYM:Nani123"]
[Result "1-0"]
[ICCResult "Black checkmated"]
[WhiteElo "1473"]
[BlackElo "1223"]
[Opening "Scandinavian (center counter) defense"]
[ECO "B01"]
[NIC "SD.01"]
[Time "13:15:05"]
[PlyCount "55"]
[TimeControl "2400+10"]

1. e4 d5 2. exd5 Qxd5 3. Nc3 Qa5 4. d4 Nf6 5. Bd2 Nc6 6. Nf3 Bg4 7. h3 Qh5
8. Be2 e6 9. O-O Bxf3 10. Bxf3 Qg6 11. d5 exd5 12. Qe2+ Kd7 13. Nxd5 Re8 14.
Nxf6+ gxf6 15. Be3 Bd6 16. Qd2 Kc8 17. Qc3 Ne5 18. Be2 Rhg8 19. g3 Nf3+ 20.
Bxf3 Bxg3 21. Bg4+ f5 22. fxg3 fxg4 23. Bf4 c6 24. Qa5 Re7 25. Qxa7 gxh3 26.
Qb8+ Kd7 27. Rad1+ Ke6 28. Qe5# {Black checkmated} 1-0

[Event "ICC tourney 2927 (40 10)"]
[Site "Internet Chess Club"]
[Date "2022.06.04"]
[Round "2"]
[White "Agahian, Ryan:AgahianR"]
[Black "Wang, Chase:chensix"]
[Result "1-0"]
[ICCResult "Black checkmated"]
[WhiteElo "1137"]
[BlackElo "577"]
[Opening "Grünfeld: 5.Bf4"]
[ECO "D92"]
[NIC "GI.07"]
[Time "13:15:10"]
[PlyCount "101"]
[TimeControl "2400+10"]

1. d4 Nf6 2. c4 g6 3. Nc3 d5 4. Nf3 Bg7 5. Bf4 O-O 6. cxd5 Nxd5 7. Bg3 Nc6
8. e4 Nxc3 9. bxc3 a6 10. Be2 Re8 11. O-O Na7 12. Qb3 c6 13. Bc4 e6 14. Rad1
b5 15. Be2 Bb7 16. a4 Rc8 17. Qb4 Bf8 18. Qb3 Qb6 19. Bf4 c5 20. Be3 c4 21.
Qb2 Bxe4 22. d5 Bc5 23. Bxc5 Qxc5 24. dxe6 Rxe6 25. Nd4 Rd6 26. Rfe1 bxa4
27. Bg4 f5 28. Rxe4 fxe4 29. Bxc8 Qxc8 30. Qc2 Qd7 31. Qxe4 Nc6 32. Rb1 Nxd4
33. Rb8+ Kg7 34. Rb7 Nb3 35. Rxd7+ Rxd7 36. Qe5+ Kh6 37. h4 Rf7 38. g4 a3
39. Kg2 a2 40. g5+ Kh5 41. Qe2+ Kxh4 42. Qxa2 Kxg5 43. Qxa6 Rf4 44. Qb5+ Kg4
45. Qd7+ Rf5 46. Qxh7 g5 47. Qh3+ Kf4 48. Qe3+ Kg4 49. Qe4+ Rf4 50. f3+ Kh4
51. Qh7# {Black checkmated} 1-0

[Event "ICC tourney 2927 (40 10)"]
[Site "Internet Chess Club"]
[Date "2022.06.04"]
[Round "2"]
[White "ANGELCHIK, JACOB:t105mm"]
[Black "ZHOU, ALEXANDER ZHENG:Lailaiking"]
[Result "1/2-1/2"]
[ICCResult "Game drawn by mutual agreement"]
[WhiteElo "1279"]
[BlackElo "1105"]
[Opening "Réti: old Indian attack"]
[ECO "A06"]
[NIC "QP.09"]
[Time "13:15:14"]
[PlyCount "108"]
[TimeControl "2400+10"]

1. Nf3 d5 2. d3 Nf6 3. g3 c5 4. Bg2 Nc6 5. Bf4 e6 6. O-O Bd6 7. Bg5 h6 8.
Bxf6 Qxf6 9. Nc3 O-O 10. e4 d4 11. Nb5 Qe7 12. Re1 a6 13. Nxd6 Qxd6 14. e5
Qc7 15. Qd2 b6 16. Re4 Bb7 17. Rg4 Kh8 18. Rh4 Nxe5 19. Nxe5 Bxg2 20. Kxg2
Qxe5 21. Re1 Qd5+ 22. Kg1 Kg8 23. Rg4 Kh7 24. Qf4 g5 25. Qf6 Qd8 26. Qxd8
Raxd8 27. Rge4 Rd5 28. Kg2 Rf5 29. g4 Rd5 30. Kg3 Kg6 31. h4 gxh4+ 32. Kxh4
Rg5 33. f4 Rd5 34. Re5 Rxe5 35. Rxe5 Kf6 36. Rh5 Rh8 37. g5+ hxg5+ 38. fxg5+
Kg7 39. Rxh8 Kxh8 40. Kg4 Kg7 41. b3 Kg6 42. Kf4 f6 43. gxf6 Kxf6 44. Ke4 b5
45. a3 a5 46. b4 cxb4 47. axb4 a4 48. Kxd4 e5+ 49. Kc3 Ke6 50. d4 exd4+ 51.
Kxd4 Kd6 52. c4 Kc6 53. cxb5+ Kxb5 54. Kc3 a3 {Game drawn by mutual
agreement} 1/2-1/2

[Event "ICC tourney 2927 (40 10)"]
[Site "Internet Chess Club"]
[Date "2022.06.04"]
[Round "2"]
[White "SCHWARTZ, DOUGLAS S:Douglas1"]
[Black "Kore, Anvika Mattam:K03-30142328"]
[Result "1-0"]
[ICCResult "Black checkmated"]
[WhiteElo "1402"]
[BlackElo "888"]
[Opening "Two knights defense (Modern bishop's opening)"]
[ECO "C55"]
[NIC "IG.01"]
[Time "13:15:09"]
[PlyCount "135"]
[TimeControl "2400+10"]

1. e4 e5 2. Nf3 Nc6 3. Bc4 Nf6 4. d3 h6 5. O-O Bc5 6. Re1 O-O 7. Be3 d6 8.
Bxc5 dxc5 9. h3 Be6 10. Bxe6 fxe6 11. Nbd2 a6 12. Nc4 Nd7 13. c3 b5 14. Ne3
Rb8 15. Rb1 Nf6 16. Qc2 Re8 17. Red1 Qe7 18. a4 Ra8 19. Ra1 Red8 20. axb5
axb5 21. Rxa8 Rxa8 22. Qb3 b4 23. Nc4 Nd7 24. Qc2 Ra7 25. Rc1 Ra8 26. Qb3
Rb8 27. Qd1 Kh7 28. Ra1 Qf8 29. Ra6 Nd8 30. Ncxe5 Nxe5 31. Nxe5 Qe7 32. Nc6
Nxc6 33. Rxc6 bxc3 34. bxc3 Rb6 35. Rxb6 cxb6 36. Qb3 Qd6 37. c4 e5 38. g3
g5 39. Qd1 Kg6 40. Qf3 Qd7 41. g4 Kg7 42. Kg2 Qf7 43. Qxf7+ Kxf7 44. Kg3 Kg6
45. h4 gxh4+ 46. Kxh4 Kf6 47. Kh5 Kg7 48. g5 hxg5 49. Kxg5 Kf7 50. Kf5 Ke7
51. Kxe5 Kd7 52. Kd5 Kc7 53. f4 Kd7 54. f5 Ke7 55. e5 Kf7 56. Kc6 Ke7 57.
Kxb6 Kd7 58. Kxc5 Kc7 59. Kb5 Kd7 60. c5 Kc7 61. c6 Kd8 62. Kb6 Kc8 63. c7
Kd7 64. Kb7 Ke8 65. c8=Q+ Ke7 66. Qc7+ Ke8 67. e6 Kf8 68. Qf7#
{Black checkmated}
1-0

[Event "ICC tourney 2927 (40 10)"]
[Site "Internet Chess Club"]
[Date "2022.06.04"]
[Round "2"]
[White "WADHWA, ANANYA:Dollmuseum"]
[Black "Zhao, Kevin:grrrrrrrr"]
[Result "1/2-1/2"]
[ICCResult "Game drawn by repetition"]
[WhiteElo "1289"]
[BlackElo "1182"]
[Opening "Queen's gambit declined"]
[ECO "D30"]
[NIC "QP.08"]
[Time "13:15:27"]
[PlyCount "137"]
[TimeControl "2400+10"]

1. d4 d5 2. c4 e6 3. Nf3 c6 4. g3 Nf6 5. Bg2 Bd6 6. O-O Nbd7 7. Qc2 O-O 8.
Nbd2 b6 9. cxd5 cxd5 10. Qc6 Qc7 11. Qxc7 Bxc7 12. Re1 Bb7 13. Nb3 Rac8 14.
Bg5 h6 15. Bxf6 Nxf6 16. Rac1 Bd6 17. a3 Rxc1 18. Rxc1 Rc8 19. Kf1 Rxc1+ 20.
Nxc1 Ne4 21. Ke1 Kf8 22. Nd2 Nxd2 23. Kxd2 Ke7 24. Kd3 Ba6+ 25. Ke3 b5 26.
Nd3 Kd7 27. Nc5+ Bxc5 28. dxc5 Kc6 29. b4 e5 30. Kf3 f5 31. g4 Bc8 32. gxf5
Bxf5 33. Kg3 g5 34. Bf3 Bg6 35. e3 h5 36. h3 a6 37. Be2 Kd7 38. h4 g4 39. f3
gxf3 40. Bxf3 Ke6 41. c6 Bf7 42. Be2 Kd6 43. c7 Kxc7 44. Kf3 Kd6 45. e4
dxe4+ 46. Kxe4 Bg6+ 47. Ke3 Kd5 48. Bf1 e4 49. Be2 Bf5 50. Kf4 Bg6 51. Ke3
Ke5 52. Bd1 Kd6 53. Kd4 Kc6 54. Bc2 Kb6 55. Bxe4 Be8 56. Kd5 a5 57. bxa5+
Kxa5 58. Kc5 Ka4 59. Bd3 Bd7 60. Kb6 Be8 61. Kc5 Bd7 62. Kb6 Be8 63. Ka6 Bd7
64. Kb6 Be8 65. Kc5 Bd7 66. Kb6 Be8 67. Ka6 Bd7 68. Kb6 Be8 69. Ka6
{Game drawn by repetition}
1/2-1/2

[Event "ICC tourney 2927 (40 10)"]
[Site "Internet Chess Club"]
[Date "2022.06.04"]
[Round "3"]
[White "KARATZANOS, KONSTANTINOS:Nemo-1972"]
[Black "ADUSUMALLI, ANIRUDH SAI:Anichess2009"]
[Result "1-0"]
[ICCResult "Black resigns"]
[WhiteElo "1400"]
[BlackElo "1070"]
[Opening "Pirc defense"]
[ECO "B07"]
[NIC "PU.07"]
[Time "15:30:37"]
[PlyCount "85"]
[TimeControl "2400+10"]

1. e4 d6 2. d4 Nf6 3. Nc3 g6 4. Be3 Bg7 5. Qd2 O-O 6. f3 Nc6 7. g4 e5 8. d5
Ne7 9. h4 Nd7 10. h5 Nb6 11. hxg6 fxg6 12. Bh6 Rf7 13. Bxg7 Rxg7 14. Nh3 Nd7
15. Qh6 Nf6 16. Ng5 Qf8 17. Ne6 Bxe6 18. dxe6 Qc8 19. g5 Qxe6 20. gxf6 Qxf6
21. Be2 Kf7 22. O-O-O Rf8 23. Rdf1 Ke6 24. Qh3+ Kf7 25. Qg4 Qf4+ 26. Qxf4+
exf4 27. Bc4+ Ke8 28. Nd5 Nxd5 29. Bxd5 c6 30. Bb3 Rf6 31. Rh4 g5 32. Rg4 h5
33. Rgg1 g4 34. fxg4 Rxg4 35. Rxg4 hxg4 36. Kd2 g3 37. Ke2 g2 38. Rg1 f3+
39. Kf2 b5 40. c3 c5 41. Bd1 d5 42. exd5 Ra6 43. a3 {Black resigns} 1-0

[Event "ICC tourney 2927 (40 10)"]
[Site "Internet Chess Club"]
[Date "2022.06.04"]
[Round "3"]
[White "ZHOU, ALEXANDER ZHENG:Lailaiking"]
[Black "WADHWA, ANANYA:Dollmuseum"]
[Result "0-1"]
[ICCResult "White checkmated"]
[WhiteElo "1105"]
[BlackElo "1289"]
[Opening "Sicilian: dragon, 6.Be3"]
[ECO "B72"]
[NIC "SI.16"]
[Time "15:30:36"]
[PlyCount "88"]
[TimeControl "2400+10"]

1. e4 c5 2. Nf3 d6 3. d4 cxd4 4. Nxd4 Nf6 5. Nc3 g6 6. Be3 Bg7 7. Bc4 O-O 8.
O-O Nxe4 9. Nxe4 d5 10. Bxd5 Qxd5 11. Nc3 Qa5 12. Qd2 Rd8 13. Rac1 e5 14.
Nc6 Nxc6 15. Qe2 Be6 16. Rcd1 Nd4 17. Bxd4 exd4 18. Ne4 Rac8 19. Ng5 Bc4 20.
Qe7 Qc7 21. Qxc7 Rxc7 22. Rfe1 h6 23. Nf3 Rcd7 24. Ne5 Bxe5 25. Rxe5 d3 26.
cxd3 Rxd3 27. Rxd3 Rxd3 28. Re8+ Kg7 29. h3 Bxa2 30. Ra8 a6 31. Rb8 Rb3 32.
Re8 Rxb2 33. Re1 Rb1 34. Rxb1 Bxb1 35. Kh2 a5 36. g3 a4 37. Kg2 a3 38. h4 a2
39. Kh3 a1=Q 40. f4 Bf5+ 41. g4 Qc3+ 42. Kg2 Bxg4 43. Kf2 Qf3+ 44. Ke1 Qe2#
{White checkmated}
0-1

[Event "ICC tourney 2927 (40 10)"]
[Site "Internet Chess Club"]
[Date "2022.06.04"]
[Round "3"]
[White "Zhao, Kevin:grrrrrrrr"]
[Black "ANGELCHIK, JACOB:t105mm"]
[Result "1-0"]
[ICCResult "Black resigns"]
[WhiteElo "1182"]
[BlackElo "1279"]
[Opening "Pirc: Austrian attack"]
[ECO "B09"]
[NIC "PU.06"]
[Time "15:32:02"]
[PlyCount "57"]
[TimeControl "2400+10"]

1. e4 d6 2. d4 Nf6 3. Nc3 g6 4. f4 Bg7 5. Nf3 O-O 6. Bc4 Bg4 7. O-O Nxe4 8.
Bxf7+ Rxf7 9. Nxe4 Bxd4+ 10. Qxd4 Nc6 11. Qc3 Qf8 12. Neg5 Rf6 13. Ne4 Rf5
14. Nfg5 e5 15. Ne6 Qe7 16. N6g5 Nd4 17. Ng3 Qf8 18. Qc4+ Rf7 19. Nxf7 Be6
20. Qxc7 Bxf7 21. fxe5 Rc8 22. Qxd6 Qxd6 23. exd6 Nxc2 24. d7 Rd8 25. Bg5
Rxd7 26. Rac1 Rc7 27. Rf2 Bxa2 28. Rfxc2 Rxc2 29. Rxc2 {Black resigns} 1-0